 Dungeon Crawl Stone Soup version 0.31.0-11-ge490571c62 (webtiles) character file.

Game seed: 2079005011947377410

3506 sanka the Basher (level 9, -19/83 HPs)
             Began as a Minotaur Fighter on Jan 26, 2024.
             Demolished by a komodo dragon (21 damage)
             ... on level 8 of the Dungeon.
             The game lasted 00:08:34 (5883 turns).

sanka the Basher (Minotaur Fighter)                 Turns: 5883, Time: 00:08:34

Health: -19/83     AC: 15    Str: 20    XL:     9   Next: 80%
Magic:  8/8        EV:  5    Int:  5    God:
Gold:   358        SH: 12    Dex: 21    Spells: 8/8 levels left

rFire   + . .        b - +3 flail (holy)
rCold   . . .        t - +2 kite shield
rNeg    . . .        F - +0 plate armour
rPois   .            (helmet restricted)
rElec   .            (no cloak)
rCorr   .            B - +0 pair of gloves
SInv    .            (no boots)
Will    .....        (no amulet) Stlth
                     z - ring of protection from fire
HPRegen 0.33/turn    c - +6 ring of dexterity
MPRegen 0.11/turn

%: no passive effects
@: no status effects
A: horns 2, retaliatory headbutt
a: no special abilities


You were on level 8 of the Dungeon.
You visited 2 branches of the dungeon, and saw 9 of its levels.

You collected 358 gold pieces.


Innate Abilities, Weirdness & Mutations

You have a pair of horns on your head.
You reflexively headbutt those who attack you in melee.


   Skills:
 + Level 9.3 Fighting
 - Level 12.0 Maces & Flails
 + Level 9.2 Armour
 - Level 3.6 Shields


You had 8 spell levels left.
You didn't know any spells.
Your spell library contained the following spells:

 Spells                   Type           Power      Damage    Failure   Level
 Ensorcelled Hibernation  Hex/Ice        0%         N/A       100%        2
 Mercury Vapours          Alch/Air       0%         N/A       100%        2
 Fugue of the Fallen      Necr           0%         N/A       100%        3
 Mephitic Cloud           Conj/Alch/Air  0%         N/A       100%        3
 Ozocubu's Armour         Ice            0%         N/A       100%        3
 Anguish                  Hex/Necr       0%         N/A       100%        4
 Brom's Barrelling Bould  Conj/Erth      0%         2d3       100%        4
 Fireball                 Conj/Fire      0%         3d3       100%        5
 Freezing Cloud           Conj/Ice/Air   0%         6-21      100%        5
 Iskenderun's Battlesphe  Conj           0%         2d6       100%        5
 Metabolic Englaciation   Hex/Ice        0%         N/A       100%        5
 Conjure Ball Lightning   Conj/Air       0%         3x3d6     100%        6
 Sculpt Simulacrum        Ice/Alch       0%         N/A       100%        6
 Orb of Destruction       Conj           0%         9d5       100%        7
 Chain Lightning          Conj/Air       0%         N/A       100%        9
 Fire Storm               Conj/Fire      0%         5d1       100%        9
 Shatter                  Erth           0%         3d5*      100%        9

Inventory:

Hand Weapons
 b - a +3 flail of holy wrath (weapon)
 G - a +0 whip of electrocution
Armour
 a - a +4 ring mail of willpower
 e - a +0 chain mail
 t - a +2 kite shield (worn)
 B - a +0 pair of gloves (worn)
 F - a +0 plate armour (worn)
Jewellery
 c - a +6 ring of dexterity (right hand)
 z - a ring of protection from fire (left hand)
Talismans
 h - a flux talisman
 j - a maw talisman
 x - a flux talisman
Wands
 v - a wand of flame (5)
 A - a wand of quicksilver (8)
 E - a wand of iceblast (7)
Scrolls
 g - 3 scrolls of poison {unknown}
 i - a scroll of noise {unknown}
 k - 2 scrolls of torment {unknown}
 l - 2 scrolls of enchant armour {unknown}
 m - a scroll of acquirement {unknown}
 n - a scroll of brand weapon {unknown}
 o - 4 scrolls of enchant weapon {unknown}
 q - a scroll of fog {unknown}
 r - 2 scrolls of identify {unknown}
 s - a scroll of immolation {unknown}
 y - a scroll of blinking {unknown}
 C - a scroll of butterflies {unknown}
 D - a scroll of teleportation {unknown}
Potions
 d - a potion of might
 f - 2 potions of heal wounds {unknown}
 p - 2 potions of degeneration {unknown}
 u - 2 potions of mutation {unknown}
 w - a potion of berserk rage {unknown}
 H - a potion of curing {unknown}
 I - a potion of attraction {unknown}

Dungeon Overview and Level Annotations

Branches:
Dungeon (8/15)             Temple (1/1) D:4
   Lair: D:8-11

Altars:
Ashenzari
Cheibriados
Dithmenos
Fedhas
Gozag
Hepliaklqana
Kikubaaqudgha
Makhleb
Nemelex Xobeh
Okawaru
Qazlal
Ru
Sif Muna
Trog
Uskayaw
Vehumet
Wu Jian
Xom
Yredelemnul
Zin

▒▒▒▒▒ ▒.▒.▒
.▒▒▒▒▒.<.▒
.....▒...▒
▒.....▒
▒▒....▒
▒....▒
▒▒..f)▒
▒....H▒
......fl▒
.....▒.f..
▒▒▒▒▒▒...▒▒
.....
▒▒.▒.▒
▒.▒.▒ ▒.▒.▒


You could see a komodo dragon.


Message History

The komodo dragon bites you.
* * * LOW HITPOINT WARNING * * *
Unknown command.
You hit the komodo dragon but do no damage.
The komodo dragon is almost dead.
The komodo dragon bites you!
* * * LOW HITPOINT WARNING * * *
Unknown command.
You barely miss the komodo dragon. Your headbutt misses the komodo dragon.
The komodo dragon is almost dead.
The komodo dragon bites you but does no damage.
You hit the komodo dragon. Your headbutt misses the komodo dragon.
The komodo dragon is almost dead.
The komodo dragon bites you!!
* * * LOW HITPOINT WARNING * * *
Unknown command.
You hit the komodo dragon but do no damage.
Your headbutt misses the komodo dragon.
The komodo dragon is almost dead.
You block the komodo dragon's attack.
You barely miss the komodo dragon.
The komodo dragon is almost dead.
You block the komodo dragon's attack.
You hit the komodo dragon but do no damage.
Your headbutt misses the komodo dragon.
The komodo dragon is almost dead.
The komodo dragon bites you!!
You die...

Action                     |  1- 3 |  4- 6 |  7- 9 || total
---------------------------+-------+-------+-------++-------
  Melee: Flail             |   121 |    92 |   222 ||   435
         Headbutt          |    13 |    18 |    51 ||    82
 Armour: Chain mail        |    87 |    45 |    27 ||   159
         Scale mail        |     4 |       |       ||     4
         Ring mail         |       |       |     4 ||     4
         Plate armour      |       |       |    90 ||    90
  Dodge: Dodged            |    57 |    22 |    37 ||   116
  Block: Buckler           |    29 |       |       ||    29
         Kite shield       |       |    70 |   123 ||   193

Levels and vault maps discovered:
D:1:      denvon_arrival_planthouse, layout_rooms
D:2:      layout_basic
D:3:      layout_loops_ring, mainiacjoe_overflow_cross_hatched,
          nicolae_hepliaklqana_ecumenical_no_more, gammafunk_ghost_arena,
          shapermc_ecumenical_altar_ellora
D:4:      layout_gridville, fiery_altar_vehumet, minmay_temple_entry_junction,
          ebering_ghost_sewer_d, uniq_sigmund
D:5:      layout_loops_cross, uniq_edmund
D:6:      layout_loops_ring, uniq_pikel, uniq_grinder, uniq_menkaure
D:7:      layout_loops_ring, minitemple, serial_park_tiny_pond
D:8:      layout_basic, mainiacjoe_overflow_boulevard, serial_shops, shop,
          nicolae_zen_rock_garden, uniq_gastronok
Temple:   nicolae_temple_superstar

Notes
Turn   | Place    | Note
-------+----------+-------------------------------------------
     0 | D:1      | sanka the Minotaur Fighter began the quest for the Orb.
     0 | D:1      | Reached XP level 1. HP: 19/19 MP: 0/0
   108 | D:1      | Reached skill level 4 in Fighting
   108 | D:1      | Reached skill level 3 in Maces & Flails
   108 | D:1      | Reached XP level 2. HP: 27/27 MP: 1/1
   281 | D:1      | Reached skill level 4 in Maces & Flails
   464 | D:2      | Reached XP level 3. HP: 33/33 MP: 2/2
  1348 | D:3      | Reached skill level 5 in Maces & Flails
  1348 | D:3      | Reached XP level 4. HP: 29/40 MP: 3/3
  1407 | D:3      | Found a shimmering blue altar of Sif Muna.
  1502 | D:3      | Found a transporter.
  1504 | D:3      | Noticed Skimidon's ghost (amateur DsWn)
  1528 | D:3      | Found a transporter.
  1723 | D:3      | Found a faded altar of an unknown god.
  1820 | D:3      | Found a faded altar of an unknown god.
  1820 | D:3      | Found a faded altar of an unknown god.
  1822 | D:3      | Found a hazy altar of Hepliaklqana.
  2006 | D:3      | Killed Skimidon's ghost
  2007 | D:3      | Reached skill level 7 in Maces & Flails
  2007 | D:3      | Reached XP level 5. HP: 42/46 MP: 4/4
  2274 | D:4      | Noticed Sigmund
  2279 | D:4      | Reached XP level 6. HP: 44/52 MP: 5/5
  2287 | D:4      | Killed Sigmund
  2288 | D:4      | Reached skill level 8 in Maces & Flails
  2435 | D:4      | Found a staircase to the Ecumenical Temple.
  2482 | Temple   | Entered the Ecumenical Temple
  2583 | D:4      | Reached skill level 9 in Maces & Flails
  2593 | D:4      | Reached XP level 7. HP: 52/59 MP: 6/6
  2640 | D:4      | Found a runed translucent door.
  2641 | D:4      | Noticed seu1023's ghost (amateur NaSh)
  2796 | D:4      | Found a radiant altar of Vehumet.
  3081 | D:4      | Killed seu1023's ghost
  3224 | D:5      | Entered Level 5 of the Dungeon
  3339 | D:5      | Found the +7 staff of the Meek {protect, meekguard}
  3489 | D:5      | Noticed Edmund
  3515 | D:5      | Killed Edmund
  3516 | D:5      | Reached skill level 10 in Maces & Flails
  3858 | D:5      | Reached skill level 11 in Maces & Flails
  4063 | D:6      | Reached XP level 8. HP: 64/66 MP: 7/7
  4087 | D:6      | Noticed Pikel
  4099 | D:6      | Killed Pikel
  4100 | D:6      | Reached skill level 12 in Maces & Flails
  4100 | D:6      | Reached skill level 5 in Fighting
  4100 | D:6      | Reached skill level 4 in Armour
  4103 | D:6      | Reached skill level 5 in Armour
  4196 | D:6      | Noticed Grinder
  4198 | D:6      | Paralysed by Grinder for 4 turns
  4210 | D:6      | Killed Grinder
  4211 | D:6      | Reached skill level 6 in Fighting
  4214 | D:6      | Reached skill level 6 in Armour
  4379 | D:6      | Reached XP level 9. HP: 78/78 MP: 8/8
  4556 | D:6      | Noticed Menkaure
  4563 | D:6      | Killed Menkaure
  4564 | D:6      | Reached skill level 7 in Fighting
  4564 | D:6      | Reached skill level 7 in Armour
  5026 | D:7      | Identified +0 steam dragon scales
  5027 | D:7      | Reached skill level 8 in Fighting
  5031 | D:7      | Reached skill level 8 in Armour
  5097 | D:7      | Found a hide-covered altar of Uskayaw.
  5132 | D:7      | Noticed a troll
  5152 | D:7      | Killed a troll
  5810 | D:7      | Reached skill level 9 in Fighting
  5816 | D:7      | Found a sparkling altar of Nemelex Xobeh.
  5824 | D:7      | Found a sacrificial altar of Ru.
  5857 | D:8      | Reached skill level 9 in Armour
  5870 | D:8      | Noticed a komodo dragon
  5880 | D:8      | HP: 1/83 [komodo dragon (27)]
  5883 | D:8      | Demolished by a komodo dragon

Vanquished Creatures
  Pikel (D:6)
  A troll (D:7)
  Grinder (D:6)
  Sigmund (D:4)
  The ghost of seu1023 the Ruffian, an amateur NaSh (D:4)
  The ghost of Skimidon the Trooper, an amateur DsWn (D:3)
  A steam dragon (D:7)
  Menkaure (D:6)
  Edmund (D:5)
  A water moccasin (D:6)
  A sky beast (D:8)
  A black bear (D:6)
  4 centaurs
  3 bullfrogs
  5 wights (D:6)
  A howler monkey (D:5)
  3 jellies
  A bombardier beetle (D:5)
  4 hounds
  2 orc priests
  A sleepcap (D:7)
  3 iguanas
  2 orc wizards (D:7)
  4 gnolls (D:4)
  9 adders
  A shadow imp (D:5)
  2 ufetubi (D:7)
  4 dart slugs
  A ribbon worm (D:4)
  10 orcs
  A ball python (D:1)
  5 endoplasms
  8 giant cockroaches
  7 goblins
  6 hobgoblins
  6 quokkas
  5 bats
  7 frilled lizards
  8 kobolds
  11 rats
136 creatures vanquished.
